 Dungeon Crawl Stone Soup version 0.31.0-9-g3a7656b989 (webtiles) character file.

Game seed: 2917899879960728093

21 qw the Shooter (level 2, 0/14 HPs)
             Began as a Spriggan Hunter on Feb 2, 2024.
             Succumbed to their own poison gas
             ... on level 1 of the Dungeon.
             The game lasted 00:00:01 (483 turns).

qw the Shooter (Spriggan Hunter)                     Turns: 483, Time: 00:00:02

Health: 0/14       AC:  2    Str:  7    XL:     2   Next: 62%
Magic:  3/3        EV: 19    Int: 10    God:
Gold:   68         SH:  0    Dex: 18    Spells: 1/1 levels left

rFire   . . .        a - +1 shortbow
rCold   . . .        (shield currently unavailable)
rNeg    . . .        c - +0 robe
rPois   .            (helmet restricted)
rElec   .            (no cloak)
rCorr   .            (gloves unavailable)
SInv    +            (boots unavailable)
Will    .....        (no amulet)
Stlth   ++           (no ring)
HPRegen 0.22/turn    (no ring)
MPRegen 0.08/turn

%: no passive effects
@: lethally poisoned (0 -> -9), very quick
A: very small, no large weapons, unfitting armour, see invisible, speed 3
a: no special abilities


You were on level 1 of the Dungeon.
You visited 1 branch of the dungeon, and saw 1 of its levels.

You collected 68 gold pieces.


Innate Abilities, Weirdness & Mutations

You are very small and have problems with some larger weapons.
You are too small for most types of armour.
You have supernaturally acute eyesight. (SInv)
You cover ground extremely quickly. (Speed+++)


   Skills:
 - Level 1.5 Fighting
 + Level 4.2 Ranged Weapons
 - Level 4.0 Dodging
 - Level 1.5 Stealth


You had one spell level left.
You didn't know any spells.
Your spell library was empty.

Inventory:

Hand Weapons
 a - a +1 shortbow (weapon)
Armour
 c - a +0 robe (worn)
Potions
 g - a potion of degeneration {unknown}

Dungeon Overview and Level Annotations

Branches:
Dungeon (1/15)

Altars:


Message History

474 ||| IDENTIFYING smoky clear potion;
d - a potion of attraction Done exploring.
475 ||| READING scroll labelled BIV DOMYSHAE.
As you read the scroll labelled BIV DOMYSHAE, it crumbles to dust.
It is a scroll of enchant weapon.
475 ||| ENCHANTING +0 shortbow.
Your +0 shortbow glows red for a moment.
Done exploring.
476 ||| READING scroll labelled PUFUUDGHAEJI.
The air fills with toxic fumes!
As you read the scroll labelled PUFUUDGHAEJI, it crumbles to dust.
It was a scroll of poison.
Done exploring.
477 ||| DROPPING scroll of butterflies.
You drop a scroll of butterflies.
Done exploring.
478 ||| DROPPING potion of attraction.
You drop a potion of attraction.
Done exploring.
What level of the Dungeon? (default 1, ? - help) Sorry, I don't know how to get there.
Enter note:
Enter note:
Enter note:
Enter note:
Enter note:
Enter note:
Enter note:
Enter note:
Enter note: You are engulfed in poison gas.
You are lethally poisoned!
You feel very sick.
480 ||| Stepping ~*~*~tactically~*~*~ (cloud).
You feel sick.
Things that are here:
a potion of attraction; a scroll of butterflies; a ring of wizardry
There is a lethal amount of poison in your body!
You feel very sick.
There is a lethal amount of poison in your body!
You feel sick.
There is a lethal amount of poison in your body!
You die...

#.# #.####.......
#¤# #.#..........
#¤# #.#0##.......
#¤###¤0¤##.......
##¤0#¤¤¤###...>...
#000¤¤¤¤¤####.#.#.
#¤¤¤¤¤¤0¤# #.#.##
#¤¤¤000¤¤# #.###
#@¤¤0¤0¤¤# #.#
#00¤¤0¤¤0####.####
#¤¤¤¤0¤0¤.........
#¤0¤¤¤¤¤0#........
#¤¤¤0¤0¤¤#........
#¤00¤¤0¤¤#........
#¤¤0¤¤¤¤¤#........
##################


There were no monsters in sight!

Vanquished Creatures
  4 bats (D:1)
  4 endoplasms (D:1)
  A giant cockroach (D:1)
  2 goblins (D:1)
  2 hobgoblins (D:1)
  A kobold (D:1)
  A quokka (D:1)
  A frilled lizard (D:1)
  A rat (D:1)
17 creatures vanquished.

Notes
Turn   | Place    | Note
-------+----------+-------------------------------------------
     0 | D:1      | qw the Spriggan Hunter began the quest for the Orb.
     0 | D:1      | Reached XP level 1. HP: 10/10 MP: 2/2
     0 | D:1      | 0 ||| qw: Version: 0.3-a-155-g5e7d8dd
     0 | D:1      | 0 ||| qw: Game counter: 2076
     0 | D:1      | 0 ||| qw: Melee chars always use a shield: true
     0 | D:1      | 0 ||| qw: God list: Okawaru
     0 | D:1      | 0 ||| qw: Allow faded altars: false
     0 | D:1      | 0 ||| qw: Do Orc after clearing Dungeon:15 true
     0 | D:1      | 0 ||| qw: Do second Lair branch before Depths: true
     0 | D:1      | 0 ||| qw: Lair rune preference: random
     0 | D:1      | 0 ||| qw: Goals: Normal
     0 | D:1      | 0 ||| PLANNING D:1-11
    68 | D:1      | Reached skill level 3 in Dodging
   138 | D:1      | Reached XP level 2. HP: 14/14 MP: 3/3
   326 | D:1      | Found a faded altar of an unknown god.
   472 | D:1      | 472 ||| DROPPING ring of wizardry.
   473 | D:1      | 473 ||| READING scroll labelled JYEKYT MUYM.
   474 | D:1      | 474 ||| READING scroll labelled SESSAA INYKHEM.
   474 | D:1      | 474 ||| IDENTIFYING smoky clear potion
   475 | D:1      | 475 ||| READING scroll labelled BIV DOMYSHAE.
   475 | D:1      | 475 ||| ENCHANTING +0 shortbow.
   476 | D:1      | 476 ||| READING scroll labelled PUFUUDGHAEJI.
   477 | D:1      | 477 ||| DROPPING scroll of butterflies.
   478 | D:1      | 478 ||| DROPPING potion of attraction.
   480 | D:1      | 480 ||| Stepping ~*~*~tactically~*~*~ (cloud).
   481 | D:1      | HP: 3/14 [poisoned by you (poison gas)]
   483 | D:1      | Succumbed to their own poison gas

Levels and vault maps discovered:
D:1:      dpeg_arrival_rhombi, layout_rooms,
          dreamdust_ecumenical_altar_angels_and_demons

Skill      XL: |  1  2 |
---------------+-------+-----
Dodging        | 3 4 |  4.0
Fighting       | |  1.5
Ranged Weapons | |  4.2
Stealth        | |  1.5

Action                     || total
---------------------------++-------
   Fire: Shortbow          ||    41
    Use: Scroll            ||     4
 Armour: Robe              ||     3
  Dodge: Dodged            ||     8

Table legend:
 A = Non-vault XP
 B = Vault XP
 C = Vault XP percentage of total XP
 D = Non-vault monster count
 E = Vault monster count
 F = Vault count percentage of total count
                 A         B        C        D         E       F
            +---------+---------+-------+---------+---------+-------
      Total |      30 |       0 |   0.0 |      17 |       0 |   0.0
            +---------+---------+-------+---------+---------+-------
        D:1 |      30 |       0 |   0.0 |      17 |       0 |   0.0
            +---------+---------+-------+---------+---------+-------
